 Dungeon Crawl Stone Soup version 0.18.1-48-g4cf74bf (webtiles) character file.

5831 sarahorange the Quickloader (level 10, -7/82 HPs)
             Began as a Deep Dwarf Hunter on July 16, 2016.
             Was a Priest of Elyvilon.
             Killed from afar by a deep elf mage (21 damage)
             ... with a shard of ice
             ... on level 12 of the Dungeon.
             The game lasted 01:46:14 (10071 turns).

sarahorange the Quickloader (Deep Dwarf Hunter)    Turns: 10071, Time: 01:46:15

Health: -7/82      AC:  8    Str: 17    XL:     10   Next: 51%
Magic:  13/19      EV:  6    Int: 14    God:    Elyvilon [***...]
Gold:   550        SH: 17    Dex: 15    Spells: 1 memorised, 10 levels left

rFire  + . .     SeeInvis .     J - +6 mace "Orb Guardian's Doom" {crush, *Rage MP+9 Int+2}
rCold  . . .     Gourm    .     i - +0 chain mail
rNeg   . . .     Faith    .     b - +0 large shield
rPois  +         Spirit   .     (no helmet)
rElec  .         Dismiss  .     o - +1 cloak
rCorr  .         Reflect  +     (no gloves)
SustAt .         Harm     .     (no boots)
MR     +....     Rnd*Rage +     u - +3 amulet of reflection
Stlth  ..........               y - ring of poison resistance
                                (no ring)

@: non-regenerating, somewhat resistant to hostile enchantments, extremely
unstealthy
A: damage resistance, recharge devices, deformed body, fire resistance 1, sense
surroundings 2, poison resistance, slow regeneration 3
a: Device Recharging, Lesser Healing, Heal Other, Purification, Divine
Protection, Renounce Religion


You were on level 12 of the Dungeon.
You worshipped Elyvilon.
Elyvilon was most pleased with you.
You were not hungry.

You visited 2 branches of the dungeon, and saw 12 of its levels.
You also visited: Ossuary.

You collected 940 gold pieces.
You spent 390 gold pieces at shops.

Inventory:

Hand Weapons
 a - a +2 hand crossbow of velocity
 A - a +1 short sword of speed
 J - the +6 mace "Orb Guardian's Doom" (weapon) {crush, *Rage MP+9 Int+2}
   (You took it off a gnoll on level 8 of the Dungeon)

   It inflicts extra damage upon your enemies.
   It affects your intelligence (+2).
   It affects your magic capacity (+9).
   It may make you go berserk in combat.
Missiles
 d - 24 bolts
 h - 29 poisoned needles
 w - 5 javelins
 F - 6 steel tomahawks (quivered)
Armour
 b - a +0 large shield (worn)
 i - a +0 chain mail (worn)
 o - a +1 cloak (worn)
 E - a +0 scale mail of positive energy
Jewellery
 p - an uncursed amulet of faith {unknown}
 r - an uncursed amulet of guardian spirit {unknown}
 s - an uncursed ring of fire
 u - a +3 amulet of reflection (around neck)
 y - a ring of poison resistance (right hand)
Wands
 c - a wand of digging (17/24)
 e - a wand of heal wounds (0/9)
Scrolls
 g - 4 scrolls of teleportation
 k - 5 scrolls of identify
 l - a scroll of fog
 t - 3 scrolls of fear
 G - a scroll of remove curse
 I - a scroll of amnesia
 K - a scroll of immolation {unknown}
Potions
 j - 2 potions of mutation
 m - a potion of lignification {unknown}
 n - 3 potions of curing
 q - 3 potions of heal wounds
 v - 2 potions of agility {unknown}
 x - a potion of degeneration {unknown}
 z - a potion of brilliance {unknown}
 B - a potion of might
 D - 2 potions of magic
Books
 H - a book of Spatial Translocations

   Spells                             Type                      Level
   a - Apportation                    Translocation                1
   b - Blink                          Translocation                2
   c - Shroud of Golubria             Charms/Translocation         2
   d - Portal Projectile              Translocation                3
   e - Teleport Other                 Translocation                3
   f - Passage of Golubria            Translocation                4
Comestibles
 f - 7 bread rations
 C - 7 beef jerkies


   Skills:
 + Level 2.9 Fighting
 + Level 2.7 Short Blades
 + Level 0.6 Maces & Flails
 + Level 11.1 Crossbows
 + Level 1.5 Throwing
 + Level 6.5 Armour
 * Level 7.2 Dodging
 + Level 6.0 Stealth
 + Level 4.8 Shields
 * Level 1.1 Spellcasting
 * Level 2.2 Translocations
 * Level 4.2 Invocations
 + Level 0.3 Evocations


You had 10 spell levels left.
You knew the following spells:

 Your Spells              Type           Power        Failure   Level  Hunger
a - Apportation           Tloc           #.........   100%        1    ##.....


Dungeon Overview and Level Annotations

Branches:
Dungeon (10/15)            Temple (1/1) D:7             Orc (0/2) D:10
   Lair: D:8-11

Altars:
Ashenzari
Cheibriados
Dithmenos
Elyvilon
Fedhas
Gozag
Kikubaaqudgha
Makhleb
Nemelex Xobeh
Okawaru
Pakellas
Qazlal
Ru
Sif Muna
Trog
Vehumet
Xom
Yredelemnul
Zin
The Shining One

Shops:
D:7 *   D:8 *(*

Annotations:
D:4 Typee's ghost, amateur OpWz
D:9 urioxis's ghost, novice MiBe


Innate Abilities, Weirdness & Mutations

You are resistant to damage.
You can recharge devices by infusing magical energy.
You passively map the area around you.
You do not regenerate naturally.
Armour fits poorly on your strangely shaped body.
Your flesh is heat resistant.
Your system is resistant to poisons.


Message History

The gargoyle hurls a stone arrow at you.
The stone arrow misses you.
The gargoyle hits you with a dire flail!
You thump the gargoyle!
The gargoyle is moderately damaged.
The gargoyle hurls a stone arrow at you.
The stone arrow hits you!
* * * LOW HITPOINT WARNING * * *
The gargoyle completely misses you.
The gargoyle hurls a stone arrow at you.
The stone arrow misses you.
You fall through a shaft for 2 floors!
The shaft crumbles and collapses.
An iguana and a deep elf mage come into view.
The deep elf mage shouts!
The iguana hisses angrily.
Found 5 gold pieces and a ring mail.
Found a stone staircase leading up.
You block the iguana's attack.
The deep elf mage points at you and mumbles some strange words.
The shard of ice hits you!
You die...

* * , * ,
...............# ,,
...............# ,
.......[.......##*
* * *
................. ,
.............<... ,
.................,,
, ,
*........e....$...
........l@....# * ,
..............#
...#+#+########, ,
*. ,,,,, * * ** ,,
, *,, ,,, , , , , *
,+ ,,,, ,, * *** ,,
, , , , , , ,


You could see a deep elf mage and an iguana.

Vanquished Creatures
  A steam dragon (D:9)
  2 hippogriffs
  Menkaure (Ossuary)
  A water moccasin (D:7)
  4 orc warriors
  3 sky beasts
  A black bear (D:9)
  3 ice beasts
  5 ogres
  A necrophage (D:7)
  3 centaurs
  A big kobold (D:9)
  3 giant frogs
  15 killer bees
  A water moccasin skeleton (D:8)
  4 scorpions
  A howler monkey (D:4)
  3 crimson imps
  A centaur zombie (D:7)
  2 giant frog zombies
  A jelly (D:5)
  A wasp zombie (D:8)
  A giant frog skeleton (D:6)
  6 hounds
  Crazy Yiuf (D:2)
  11 orc priests
  A centaur skeleton (D:6)
  A gnoll shaman (D:9)
  11 orc wizards
  6 iguanas
  14 worker ants
  Natasha (thrice) (D:2)
  A hound zombie (D:5)
  3 mummies (Ossuary)
  7 gnolls
  A howler monkey skeleton (D:5)
  16 adders
  3 shadow imps
  An ooze (D:2)
  2 adder skeletons
  2 worms (D:2)
  3 dart slugs
  6 giant geckos
  43 orcs
  7 giant cockroaches
  4 gnoll zombies (Ossuary)
  10 goblins
  10 hobgoblins
  23 jackals
  2 quokkas
  2 ball pythons
  5 bats
  7 giant newts
  4 gnoll skeletons (Ossuary)
  A goblin skeleton (Ossuary)
  2 goblin zombies (Ossuary)
  5 hobgoblin skeletons (Ossuary)
  3 hobgoblin zombies (Ossuary)
  12 kobolds
  A kobold skeleton (Ossuary)
  2 orc skeletons (Ossuary)
  2 orc zombies (Ossuary)
  13 rats
  2 rat skeletons (Ossuary)
  A rat zombie (Ossuary)
319 creatures vanquished.

Vanquished Creatures (others)
  A centaur (D:5)
  2 gnoll zombies (Ossuary)
  A quokka (D:7)
  A gnoll skeleton (Ossuary)
  2 goblin skeletons (Ossuary)
  3 goblin zombies (Ossuary)
  A hobgoblin skeleton (Ossuary)
  A hobgoblin zombie (Ossuary)
  2 kobold skeletons (Ossuary)
  2 kobold zombies (Ossuary)
  2 orc skeletons (Ossuary)
  5 orc zombies (Ossuary)
  2 rat skeletons (Ossuary)
25 creatures vanquished.

Grand Total: 344 creatures vanquished

Notes
Turn   | Place    | Note
--------------------------------------------------------------
     0 | D:1      | sarahorange the Deep Dwarf Hunter began the quest for the Orb.
     0 | D:1      | Reached XP level 1. HP: 19/19 MP: 1/1
   206 | D:1      | Reached XP level 2. HP: 26/26 MP: 2/2
   359 | D:1      | Reached skill level 5 in Crossbows
   774 | D:1      | Reached XP level 3. HP: 30/32 MP: 3/3
  1143 | D:2      | Noticed Natasha
  1166 | D:2      | Killed Natasha
  1166 | D:2      | Reached skill level 1 in Armour
  1166 | D:2      | Reached XP level 4. HP: 14/39 MP: 4/4
  1450 | D:2      | Noticed Natasha
  1454 | D:2      | Killed Natasha
  1567 | D:2      | Reached XP level 5. HP: 33/45 MP: 5/5
  1631 | D:2      | Noticed Crazy Yiuf
  1635 | D:2      | Killed Crazy Yiuf
  1929 | D:2      | Noticed Natasha
  1944 | D:2      | Killed Natasha
  2560 | D:3      | Reached XP level 6. HP: 36/52 MP: 6/6
  2561 | D:3      | Reached skill level 6 in Crossbows
  2769 | D:4      | Found a white marble altar of Elyvilon.
  2879 | D:4      | Became a worshipper of Elyvilon the Healer
  3009 | D:4      | Found a shimmering altar of Xom.
  3009 | D:4      | Noticed Typee's ghost (amateur OpWz)
  3084 | D:4      | Reached skill level 1 in Shields
  3100 | D:4      | Reached XP level 7. HP: 28/60 MP: 7/7
  3627 | D:5      | Entered Level 5 of the Dungeon
  3645 | D:5      | Found a sand-covered staircase.
  3650 | Ossuary  | Entered an ossuary
  3913 | Ossuary  | Reached * piety under Elyvilon
  3989 | Ossuary  | Noticed Menkaure
  3992 | Ossuary  | Killed Menkaure
  3992 | Ossuary  | Reached skill level 7 in Crossbows
  4345 | D:5      | Found a sacrificial altar of Ru.
  4508 | D:5      | Reached XP level 8. HP: 52/67 MP: 8/8
  4536 | D:5      | Reached skill level 8 in Crossbows
  4992 | D:5      | Reached skill level 5 in Stealth
  5048 | D:5      | Reached skill level 5 in Dodging
  5160 | D:6      | Reached skill level 5 in Armour
  5458 | D:6      | Reached skill level 9 in Crossbows
  5534 | D:6      | Reached skill level 1 in Throwing
  5611 | D:6      | Reached ** piety under Elyvilon
  5617 | D:6      | Found a shadowy altar of Dithmenos.
  5617 | D:6      | Found a glowing silver altar of Zin.
  5622 | D:6      | Found an oddly glowing altar of Pakellas.
  5674 | D:6      | Found a sparkling altar of Nemelex Xobeh.
  5702 | D:6      | Reached skill level 1 in Invocations
  5815 | D:6      | Gained mutation: You passively map the area around you. [Deep Dwarf growth]
  5815 | D:6      | Reached XP level 9. HP: 42/74 MP: 8/8
  6199 | D:6      | Gained mutation: Armour fits poorly on your strangely shaped body. [potion of mutation]
  6199 | D:6      | Gained mutation: Your flesh is heat resistant. [potion of mutation]
  6199 | D:6      | Gained mutation: Your system is resistant to poisons. [potion of mutation]
  6266 | D:7      | Reached skill level 1 in Short Blades
  6658 | D:7      | Found a white marble altar of Elyvilon.
  6764 | D:7      | Reached skill level 10 in Crossbows
  6896 | D:7      | Found a staircase to the Ecumenical Temple.
  7105 | D:7      | Found Zesahung's Assorted Antiques.
  7495 | D:8      | Found Qoosadghi's Antique Weapon Shop.
  7592 | D:8      | Found Congil's General Store.
  7683 | D:8      | Found a blossoming altar of Fedhas.
  7896 | D:7      | Reached XP level 10. HP: 32/81 MP: 10/10
  8157 | Temple   | Entered the Ecumenical Temple
  8181 | Temple   | Reached *** piety under Elyvilon
  8324 | D:8      | Found Civennops's Assorted Antiques.
  8380 | D:8      | Got a pitted mace {crush}
  8381 | D:8      | Identified the +6 mace "Orb Guardian's Doom" {crush, *Rage MP+9 Int+2} (You took it off a gnoll on level 8 of the Dungeon)
  8643 | D:7      | Bought a paperback book for 390 gold pieces
  8645 | D:7      | Learned a level 1 spell: Apportation
  8839 | D:9      | Reached skill level 1 in Translocations
  9116 | D:9      | Found an opulent altar of Gozag.
  9130 | D:9      | Reached skill level 11 in Crossbows
  9290 | D:9      | Reached skill level 1 in Spellcasting
  9579 | D:9      | Found a stormy altar of Qazlal.
  9580 | D:9      | Noticed urioxis's ghost (novice MiBe)
 10018 | D:10     | Entered Level 10 of the Dungeon
 10045 | D:10     | Noticed a gargoyle
 10069 | D:10     | You fall through a shaft for 2 floors!
 10069 | D:12     | Noticed a deep elf mage
 10071 | D:12     | Killed from afar by a deep elf mage

Skill      XL: |  1  2  3  4  5  6  7  8  9 10 |
---------------+-------------------------------+-----
Fighting       | 2 |  2.9
Crossbows      | 5 6 7 9 10 11 | 11.1
Armour         | 1 2 3 4 5 6 |  6.5
Stealth        | 2 3 4 5 6 |  6.0
Dodging        | 3 4 5 6 7 |  7.2
Shields        | 1 2 4 |  4.8
Throwing       | 1 |  1.5
Invocations    | 1 2 4 |  4.2
Short Blades   | 2 |  2.7
Translocations | 2 |  2.2
Spellcasting   | 1 |  1.1
Maces & Flails | |  0.6
Evocations     | |  0.3

Action                   |  1- 3 |  4- 6 |  7- 9 | 10-12 || total
-------------------------+-------+-------+-------+-------++-------
Melee: Short sword       |    48 |    59 |    80 |       ||   187
       Mace              |       |       |       |    45 ||    45
 Fire: Hand crossbow     |    73 |   139 |   483 |   202 ||   897
Throw: Javelin           |       |     4 |     6 |       ||    10
       Tomahawk          |       |       |    19 |    10 ||    29
Invok: Lesser Healing    |       |       |    11 |     6 ||    17
 Abil: Device Recharging |       |       |     2 |     1 ||     3
Evoke: Wand              |     1 |     3 |     8 |     4 ||    16
  Use: Potion            |       |     2 |     3 |       ||     5
       Scroll            |       |     4 |    14 |     1 ||    19
  Eat: Chunk             |     1 |     5 |     6 |     5 ||    17
       Meat ration       |       |       |     2 |       ||     2
       Pizza             |       |       |     1 |       ||     1
       Beef jerky        |       |       |       |     2 ||     2
Armor: Leather armour    |    19 |     2 |       |       ||    21
       Chain mail        |       |    63 |   148 |    37 ||   248
Dodge: Dodged            |    49 |    40 |    94 |    32 ||   215
Block: Shield            |       |    47 |   180 |       ||   227
       Reflection        |       |       |     5 |     9 ||    14
       Large shield      |       |       |    33 |   153 ||   186
